 Dungeon Crawl Stone Soup version 0.28-a0-662-g1651b1f1e0 (webtiles) character file.

Game seed: 9284208795734082504

18 flotson the Sneak (level 2, 0/36 HPs)
             Began as a Demonspawn Delver on Oct 14, 2021.
             Succumbed to a killer bee's poison
             ... on level 3 of the Dungeon.
             The game lasted 00:01:50 (349 turns).

flotson the Sneak (Demonspawn Delver)                Turns: 349, Time: 00:01:50

Health: 0/36       AC: 21    Str: 12    XL:     2   Next: 48%
Magic:  2/2        EV:  2    Int: 11    God:
Gold:   23         SH:  0    Dex: 14    Spells: 1/1 levels left

rFire   . . .      SeeInvis .   a - +0 hand axe
rCold   . . .      Faith    .   (no shield)
rNeg    . . .      Spirit   .   (armour currently unavailable)
rPois   +          Reflect  .   (helmet currently unavailable)
rElec   .          Harm     .   (cloak currently unavailable)
rCorr   .          Rampage  .   (gloves currently unavailable)
Will    .....      NoTele   +   (boots currently unavailable)
Stlth   +++.......              i - amulet of regeneration
HPRegen 1.12/turn               (no ring)
MPRegen 0.08/turn               (no ring)

@: lethally poisoned (0 -> 0), tree-form, hasted, very quick
A: stationary, stasis, torment immunity, boosted hp, demonic magic 1
a: no special abilities


You were on level 3 of the Dungeon.
You were a tree.
You visited 2 branches of the dungeon, and saw 4 of its levels.

You collected 23 gold pieces.

Inventory:

Hand Weapons
 a - a +0 hand axe (weapon)
Missiles
 k - 3 boomerangs (quivered)
Armour
 b - a +0 leather armour (melded)
Jewellery
 i - an amulet of regeneration (around neck)
Wands
 g - a wand of digging (3)
Scrolls
 c - a scroll of fog


   Skills:
 + Level 3.2 Fighting
 - Level 1.7 Axes
 + Level 0.1 Throwing
 + Level 0.9 Armour
 + Level 2.2 Dodging
 - Level 4.5 Stealth


You had one spell level left.
You didn't know any spells.
Your spell library was empty.

Dungeon Overview and Level Annotations

Branches:
Dungeon (5/15)             Temple (1/1) D:4

Altars:
Ashenzari
Dithmenos
Elyvilon
Okawaru
Qazlal
Sif Muna
Zin
Lugonu

Annotations:
D:4 Natasha


Innate Abilities, Weirdness & Mutations

You are a tree.
Your roots penetrate the ground, keeping you stationary.
You cannot be teleported.
You are immune to unholy pain and torment.
Your maximum health is greatly increased.
Your equipment is partially melded.
Spells you cast may paralyse adjacent enemies.


Message History

You are poisoned.
The killer bee poisons you!
You barely miss the killer bee.
The killer bee is heavily wounded.
You feel sick. The killer bee barely misses you.
The killer bee closely misses you.
You closely miss the killer bee.
The killer bee is heavily wounded.
You feel sick. The killer bee stings you.
You miss the killer bee.
The killer bee is heavily wounded.
You feel sick. The killer bee stings you.
* * * LOW HITPOINT WARNING * * *
The killer bee misses you.
It was a potion of lignification.
You turn into a tree.
Your +0 leather armour melds into your body.
Your roots penetrate the ground.
You feel sick.
The killer bee stings you but does no damage.
You hit the killer bee.
The killer bee is heavily wounded.
You hit the endoplasm. The killer bee stings you.
* * * LOW HITPOINT WARNING * * *
The endoplasm freezes you.
You are frozen.
* * * LOW HITPOINT WARNING * * *
The killer bee stings you.
* * * LOW HITPOINT WARNING * * *
You closely miss the killer bee.
The killer bee is heavily wounded.
You hit the endoplasm.
You feel sick. The killer bee stings you.
* * * LOW HITPOINT WARNING * * *
The endoplasm hits you but does no damage.
The killer bee stings you but does no damage.
Unknown command.
You aren't carrying any potions.
Unknown command.
As you read the scroll labelled BEOVUHE LIKI, it crumbles to dust.
It is a scroll of identify.
You don't have any unidentified items.
You die...

.........#
...(.....#
.........#
.........#
.........#
.........#
.........#
......J♣.#
......y..#
##########


You could see a killer bee and an endoplasm.

Vanquished Creatures
  An adder skeleton (D:4)
  A worm (D:4)
  An orc (D:4)
  An endoplasm (D:4)
  2 hobgoblins (D:4)
  2 jackals (D:4)
  A kobold (D:4)
  A jackal skeleton (D:4)
10 creatures vanquished.

Notes
Turn   | Place    | Note
-------+----------+-------------------------------------------
     0 | D:5      | flotson the Demonspawn Delver began the quest for the Orb.
     0 | D:5      | Reached XP level 1. HP: 18/18 MP: 1/1
    87 | D:4      | Noticed Natasha
   132 | D:4      | Noticed a scorpion
   161 | D:4      | Found a staircase to the Ecumenical Temple.
   180 | Temple   | Entered the Ecumenical Temple
   255 | D:4      | Gained mutation: Spells you cast may paralyse adjacent
                  | enemies. [demonic ancestry]
   255 | D:4      | Reached XP level 2. HP: 19/24 MP: 2/2
   313 | D:4      | Noticed a killer bee
   313 | D:4      | Noticed a phantom
   348 | D:3      | HP: 1/36 [killer bee (3)]
   349 | D:3      | Succumbed to a killer bee's poison

Illustrated notes

Levels and vault maps discovered:
D:3:      layout_rooms
D:4:      cheibrodos_barr_body, layout_basic, mainiacjoe_overflow_brackets,
          minmay_temple_entry_grid, uniq_natasha
D:5:      layout_basic, lemuel_doored_altar, lemuel_crystal_altar,
          minmay_liquid_box
Temple:   corrupted_temple

Skill      XL: |  1 |
---------------+----+-----
Dodging        | 2 |  2.2
Fighting       | |  3.2
Axes           | |  1.7
Throwing       | |  0.1
Armour         | |  0.9
Stealth        | |  4.5

Action                   || total
-------------------------++-------
Melee: Hand axe          ||    50
  Use: Scroll            ||     3
       Potion            ||     3
 Stab: Sleeping          ||     3
Armor: Leather armour    ||    14
       Skin              ||     3
Dodge: Dodged            ||    51

Table legend: (Time is in decaauts)
 A = Elapsed time spent in this place.
 B = Non-inter-level travel time spent in this place.
 C = Inter-level travel time spent in this place.
 D = Time resting spent in this place.
 E = Time spent auto-exploring this place.
 F = Levels seen in this place.
 G = Mean time per level.
                   A        B        C        D        E       F      G
               +--------+--------+--------+--------+--------+-----+--------+
         Total |    348 |    334 |     14 |      0 |    153 |   4 |   87.0 |
       Dungeon |    308 |    307 |      1 |      0 |    132 |   3 |  102.7 |
        Temple |     40 |     27 |     13 |      0 |     21 |   1 |   40.0 |
               +--------+--------+--------+--------+--------+-----+--------+

Top non-repeatable levels by time:
     D:4: 286 daAuts
  Temple: 40 daAuts
     D:5: 12 daAuts
     D:3: 9 daAuts
